[ AOE2 MATCH · #504859474 ]
UnrankedBulgarians vs Burmese
Rival team · LOSS
[ REPLAY ANALYSIS · EXTRACTED FROM THE RECORDED GAME ]
Feudal
8:32
Castle
26:23
Imperial
—
| APM avg | 60.3 |
| APM peak | 110 |
| eAPM avg | 21.9 |
| Villagers / military | 64 / 31 |
Focus
⚔️ 37.2% · 🌾 62.8%
Konnik ×16 · Scout Cavalry ×13 · Monk ×2
Feudal
10:38
Castle
16:09
Imperial
—
| APM avg | 37.8 |
| APM peak | 65 |
| eAPM avg | 19.0 |
| Villagers / military | 27 / 17 |
Focus
⚔️ 47.1% · 🌾 52.9%
Arambai ×14 · Mangonel ×2 · Battering Ram ×1
Match map
Initial resources + every placement click. Lines = walls · curves = elevation contours. ◆ gold · ⬟ stone · ● berries · ✦ relic · ◌ wall gap
Your base· Open — unwalled flank
Changed's base· Open — 9t gap
Smoothed initial terrain · ◌ = detected wall gap · hover for details
Inputs per minute
— hoyohoyo9 - - Changed
Build order — hoyohoyo9
First 150 of 167 actions detected
| 0:02 | Queue | Villager (Male) ×4 |
| 0:03 | Build | House |
| 1:48 | Build | House |
| 1:53 | Queue | Villager (Male) |
| 1:54 | Queue | Villager (Male) |
| 1:56 | Build | House |
| 2:20 | Queue | Villager (Male) |
| 2:21 | Queue | Villager (Male) |
| 2:21 | Queue | Villager (Male) |
| 2:37 | Build | Lumber Camp |
| 3:10 | Queue | Villager (Male) |
| 3:10 | Queue | Villager (Male) |
| 3:10 | Queue | Villager (Male) |
| 3:48 | Queue | Villager (Male) |
| 3:54 | Queue | Villager (Male) |
| 4:27 | Queue | Villager (Male) |
| 4:58 | Build | Mill |
| 5:12 | Queue | Villager (Male) |
| 5:21 | Research | Loom |
| 6:22 | Research | Feudal Age |
| 6:22 | Research | Feudal Age |
| 7:07 | Queue | Villager (Male) |
| 7:37 | Build | Barracks |
| 7:40 | Build | House |
| 8:22 | Queue | Villager (Male) |
| 8:32 | Age | Feudal Age |
| 8:34 | Build | Stable |
| 8:35 | Queue | Villager (Male) |
| 8:50 | Research | Double-Bit Axe |
| 9:21 | Build | Watch Tower |
| 9:25 | Queue | Scout Cavalry |
| 9:36 | Queue | Villager (Male) |
| 10:13 | Build | Mining Camp |
| 10:13 | Queue | Villager (Male) |
| 10:30 | Queue | Villager (Male) |
| 10:50 | Build | House |
| 11:06 | Queue | Villager (Male) |
| 11:41 | Queue | Villager (Male) |
| 11:47 | Build | Outpost |
| 11:50 | Queue | Scout Cavalry |
| 11:50 | Queue | Scout Cavalry |
| 12:07 | Queue | Villager (Male) |
| 12:29 | Queue | Scout Cavalry |
| 13:05 | Queue | Scout Cavalry |
| 13:13 | Queue | Scout Cavalry |
| 13:13 | Queue | Scout Cavalry |
| 13:26 | Build | Farm |
| 13:26 | Build | Farm |
| 13:26 | Build | Farm |
| 13:27 | Build | Farm |
| 13:27 | Build | Farm |
| 13:50 | Queue | Villager (Male) |
| 15:10 | Build | Watch Tower |
| 15:13 | Queue | Villager (Male) |
| 15:18 | Queue | Scout Cavalry |
| 15:56 | Build | Blacksmith |
| 16:02 | Queue | Villager (Male) |
| 16:49 | Research | Fletching |
| 16:50 | Research | Fletching |
| 16:52 | Queue | Villager (Male) |
| 17:25 | Build | Watch Tower |
| 17:29 | Queue | Villager (Male) |
| 17:31 | Queue | Scout Cavalry |
| 17:33 | Build | House |
| 17:36 | Build | Palisade Wall |
| 17:40 | Build | House |
| 17:46 | Build | House |
| 17:49 | Build | House |
| 17:52 | Build | Palisade Wall |
| 18:01 | Queue | Villager (Male) |
| 18:15 | Build | Palisade Wall |
| 18:21 | Queue | Scout Cavalry |
| 18:21 | Queue | Scout Cavalry |
| 18:44 | Queue | Villager (Male) |
| 18:44 | Queue | Villager (Male) |
| 19:00 | Queue | Villager (Male) |
| 19:02 | Build | Mining Camp |
| 19:23 | Queue | Villager (Male) |
| 19:26 | Build | Farm |
| 19:27 | Build | Farm |
| 19:27 | Build | Farm |
| 19:31 | Queue | Villager (Male) |
| 19:46 | Queue | Villager (Male) |
| 19:56 | Queue | Scout Cavalry |
| 20:03 | Build | Farm |
| 20:03 | Build | Farm |
| 20:03 | Build | Farm |
| 20:03 | Build | Farm |
| 20:04 | Build | Farm |
| 20:04 | Build | Farm |
| 20:43 | Build | Palisade Wall |
| 20:51 | Build | Watch Tower |
| 20:52 | Queue | Villager (Male) |
| 20:58 | Queue | Villager (Male) |
| 21:22 | Queue | Villager (Male) |
| 21:30 | Queue | Villager (Male) |
| 21:34 | Build | Farm |
| 21:34 | Build | Farm |
| 21:34 | Build | Farm |
| 21:49 | Build | Palisade Wall |
| 21:51 | Build | House |
| 21:54 | Queue | Scout Cavalry |
| 22:27 | Build | Market |
| 22:38 | Build | Watch Tower |
| 23:43 | Research | Castle Age |
| 23:48 | Build | Lumber Camp |
| 24:07 | Queue | Villager (Male) |
| 24:55 | Build | Farm |
| 24:55 | Build | Farm |
| 25:23 | Queue | Villager (Male) |
| 26:07 | Queue | Villager (Male) |
| 26:16 | Build | House |
| 26:17 | Build | House |
| 26:19 | Build | House |
| 26:23 | Age | Castle Age |
| 26:39 | Build | Krepost |
| 26:44 | Build | Krepost |
| 26:51 | Queue | Villager (Male) |
| 27:06 | Queue | Villager (Male) |
| 27:24 | Build | Farm |
| 27:27 | Queue | Villager (Male) |
| 27:28 | Queue | Konnik |
| 27:39 | Queue | Villager (Male) |
| 27:47 | Queue | Konnik |
| 27:47 | Queue | Konnik |
| 27:52 | Queue | Konnik |
| 28:18 | Queue | Villager (Male) |
| 28:19 | Queue | Villager (Male) |
| 28:30 | Queue | Villager (Male) |
| 28:32 | Queue | Villager (Male) |
| 28:33 | Queue | Villager (Male) |
| 28:34 | Queue | Konnik |
| 28:35 | Queue | Konnik |
| 28:42 | Research | Scale Barding Armor |
| 28:48 | Queue | Villager (Male) |
| 28:49 | Build | Farm |
| 28:50 | Build | Farm |
| 28:51 | Build | Farm |
| 29:05 | Build | Monastery |
| 29:06 | Queue | Villager (Male) |
| 29:08 | Build | Farm |
| 29:15 | Queue | Villager (Male) |
| 29:21 | Build | Mining Camp |
| 29:22 | Queue | Villager (Male) |
| 29:35 | Research | Husbandry |
| 29:45 | Queue | Monk |
| 29:47 | Queue | Villager (Male) |
| 29:48 | Build | Farm |
| 29:48 | Build | Farm |
| 30:06 | Queue | Konnik |
Build order — Changed
125 actions detected in the replay
| 0:00 | Queue | Villager (Male) |
| 0:01 | Queue | Villager (Male) |
| 0:01 | Queue | Villager (Male) |
| 0:02 | Queue | Villager (Male) |
| 0:03 | Build | House |
| 0:04 | Build | House |
| 1:43 | Queue | Villager (Male) |
| 2:03 | Queue | Villager (Male) |
| 2:25 | Queue | Villager (Male) |
| 2:52 | Queue | Villager (Male) |
| 3:05 | Build | Lumber Camp |
| 3:21 | Queue | Villager (Male) |
| 3:23 | Queue | Villager (Male) |
| 3:49 | Build | House |
| 3:51 | Build | House |
| 4:12 | Queue | Villager (Male) |
| 4:12 | Queue | Villager (Male) |
| 4:19 | Queue | Villager (Male) |
| 5:20 | Queue | Villager (Male) |
| 5:20 | Queue | Villager (Male) |
| 5:39 | Build | Mill |
| 5:41 | Build | Palisade Wall |
| 5:42 | Build | Palisade Wall |
| 5:42 | Build | Palisade Wall |
| 5:45 | Queue | Villager (Male) |
| 5:45 | Queue | Villager (Male) |
| 6:05 | Queue | Villager (Male) |
| 6:05 | Queue | Villager (Male) |
| 6:22 | Build | Palisade Wall |
| 6:22 | Build | Palisade Wall |
| 6:23 | Build | Palisade Wall |
| 6:24 | Build | Palisade Wall |
| 6:50 | Build | Palisade Wall |
| 6:51 | Build | Palisade Wall |
| 6:52 | Build | Palisade Wall |
| 6:54 | Build | Palisade Wall |
| 7:18 | Build | Palisade Wall |
| 7:19 | Build | Palisade Wall |
| 7:20 | Build | Palisade Wall |
| 7:21 | Build | Palisade Wall |
| 7:21 | Build | Palisade Wall |
| 7:22 | Build | Palisade Wall |
| 7:22 | Build | Palisade Wall |
| 7:23 | Build | Palisade Wall |
| 7:29 | Research | Loom |
| 7:38 | Build | Palisade Wall |
| 7:53 | Build | Palisade Wall |
| 7:58 | Build | Mining Camp |
| 8:28 | Research | Feudal Age |
| 8:50 | Build | Palisade Wall |
| 8:52 | Build | Palisade Wall |
| 9:12 | Queue | Villager (Male) |
| 9:13 | Queue | Villager (Male) |
| 9:58 | Build | Palisade Wall |
| 10:09 | Build | Palisade Wall |
| 10:38 | Age | Feudal Age |
| 10:45 | Build | Market |
| 10:58 | Build | Stone Wall |
| 11:06 | Build | Stone Wall |
| 11:40 | Build | Palisade Wall |
| 12:11 | Build | Blacksmith |
| 12:35 | Build | Palisade Wall |
| 13:29 | Research | Castle Age |
| 13:41 | Build | Palisade Wall |
| 13:42 | Build | Palisade Wall |
| 13:43 | Build | Palisade Wall |
| 14:06 | Build | Palisade Wall |
| 14:20 | Build | Palisade Wall |
| 14:26 | Build | Palisade Wall |
| 14:36 | Build | Palisade Wall |
| 14:58 | Build | Palisade Wall |
| 15:04 | Build | Palisade Wall |
| 15:07 | Build | Palisade Wall |
| 15:14 | Build | Watch Tower |
| 16:09 | Age | Castle Age |
| 16:11 | Build | Mining Camp |
| 16:34 | Build | Palisade Wall |
| 16:43 | Queue | Villager (Male) |
| 16:44 | Queue | Villager (Male) |
| 16:59 | Build | House |
| 17:04 | Build | House |
| 17:11 | Build | Palisade Wall |
| 17:23 | Queue | Villager (Male) |
| 17:23 | Queue | Villager (Male) |
| 19:33 | Queue | Villager (Male) |
| 19:47 | Build | Palisade Wall |
| 19:48 | Build | Palisade Wall |
| 20:00 | Build | Farm |
| 20:05 | Build | Palisade Wall |
| 20:13 | Build | Stone Wall |
| 20:22 | Build | Stone Wall |
| 21:58 | Build | Castle |
| 22:06 | Build | House |
| 22:09 | Build | House |
| 22:12 | Build | Palisade Wall |
| 22:14 | Build | Palisade Wall |
| 22:21 | Build | House |
| 22:26 | Build | House |
| 22:44 | Build | Mining Camp |
| 22:51 | Queue | Arambai |
| 23:04 | Queue | Arambai |
| 23:41 | Queue | Arambai |
| 24:32 | Build | Lumber Camp |
| 24:37 | Queue | Villager (Male) |
| 25:07 | Build | Stone Wall |
| 25:27 | Build | Palisade Wall |
| 25:46 | Queue | Arambai |
| 27:08 | Build | Siege Workshop |
| 27:23 | Queue | Arambai |
| 27:34 | Build | Palisade Wall |
| 27:36 | Build | Palisade Wall |
| 27:38 | Build | Palisade Wall |
| 27:58 | Queue | Arambai |
| 28:17 | Queue | Arambai |
| 28:32 | Queue | Arambai |
| 28:41 | Queue | Mangonel |
| 28:59 | Queue | Arambai |
| 29:04 | Queue | Mangonel |
| 29:19 | Queue | Arambai |
| 30:19 | Queue | Battering Ram |
| 30:46 | Queue | Arambai |
| 30:47 | Queue | Arambai |
| 31:00 | Build | Stone Wall |
| 31:13 | Queue | Arambai |
| 31:13 | Queue | Arambai |
Match timeline
| 5:41 | Changed · wall_segment Palisade Wall x1 |
| 5:42 | Changed · wall_segment Palisade Wall x1 |
| 5:42 | Changed · wall_segment Palisade Wall x1 |
| 6:22 | Changed · wall_segment Palisade Wall x1 |
| 6:22 | Changed · wall_segment Palisade Wall x1 |
| 6:23 | Changed · wall_segment Palisade Wall x1 |
| 6:24 | Changed · wall_segment Palisade Wall x3 |
| 6:50 | Changed · wall_segment Palisade Wall x1 |
| 6:51 | Changed · wall_segment Palisade Wall x1 |
| 6:52 | Changed · wall_segment Palisade Wall x1 |
| 6:54 | Changed · wall_segment Palisade Wall x5 |
| 7:18 | Changed · wall_segment Palisade Wall x2 |
| 7:19 | Changed · wall_segment Palisade Wall x1 |
| 7:20 | Changed · wall_segment Palisade Wall x1 |
| 7:21 | Changed · wall_segment Palisade Wall x1 |
| 7:21 | Changed · wall_segment Palisade Wall x1 |
| 7:22 | Changed · wall_segment Palisade Wall x2 |
| 7:22 | Changed · wall_segment Palisade Wall x1 |
| 7:23 | Changed · wall_segment Palisade Wall x2 |
| 7:37 | hoyohoyo9 · first_building Barracks |
| 7:38 | Changed · wall_segment Palisade Wall x1 |
| 7:53 | Changed · wall_segment Palisade Wall x1 |
| 8:32 | hoyohoyo9 · age_up feudal |
| 8:34 | hoyohoyo9 · first_building Stable |
| 8:50 | Changed · wall_segment Palisade Wall x1 |
| 8:52 | Changed · wall_segment Palisade Wall x1 |
| 9:58 | Changed · wall_segment Palisade Wall x3 |
| 10:09 | Changed · wall_segment Palisade Wall x1 |
| 10:38 | Changed · age_up feudal |
| 10:58 | Changed · wall_segment Stone Wall x4 |
| 11:06 | Changed · wall_segment Stone Wall x5 |
| 11:40 | Changed · wall_segment Palisade Wall x1 |
| 12:35 | Changed · wall_segment Palisade Wall x1 |
| 13:27 | Changed · first_market_sell 100 food |
| 13:41 | Changed · wall_segment Palisade Wall x1 |
| 13:42 | Changed · wall_segment Palisade Wall x1 |
| 13:43 | Changed · wall_segment Palisade Wall x1 |
| 14:06 | Changed · wall_segment Palisade Wall x1 |
| 14:20 | Changed · wall_segment Palisade Wall x1 |
| 14:26 | Changed · wall_segment Palisade Wall x1 |
| 14:36 | Changed · wall_segment Palisade Wall x1 |
| 14:58 | Changed · wall_segment Palisade Wall x1 |
| 15:04 | Changed · wall_segment Palisade Wall x1 |
| 15:07 | Changed · wall_segment Palisade Wall x1 |
| 16:09 | Changed · age_up castle |
| 16:34 | Changed · wall_segment Palisade Wall x1 |
| 17:11 | Changed · wall_segment Palisade Wall x1 |
| 17:36 | hoyohoyo9 · wall_segment Palisade Wall x1 |
| 17:52 | hoyohoyo9 · wall_segment Palisade Wall x1 |
| 18:15 | hoyohoyo9 · wall_segment Palisade Wall x1 |
| 19:47 | Changed · wall_segment Palisade Wall x1 |
| 19:48 | Changed · wall_segment Palisade Wall x1 |
| 20:05 | Changed · wall_segment Palisade Wall x1 |
| 20:13 | Changed · wall_segment Stone Wall x1 |
| 20:22 | Changed · wall_segment Stone Wall x1 |
| 20:43 | hoyohoyo9 · wall_segment Palisade Wall x1 |
| 21:49 | hoyohoyo9 · wall_segment Palisade Wall x1 |
| 21:58 | Changed · first_building Castle |
| 22:12 | Changed · wall_segment Palisade Wall x2 |
| 22:14 | Changed · wall_segment Palisade Wall x1 |
| 23:14 | hoyohoyo9 · first_market_sell 100 wood |
| 23:16 | hoyohoyo9 · first_market_buy 100 food |
| 24:26 | Changed · first_market_buy 100 wood |
| 25:07 | Changed · wall_segment Stone Wall x6 |
| 25:27 | Changed · wall_segment Palisade Wall x1 |
| 26:23 | hoyohoyo9 · age_up castle |
| 26:39 | hoyohoyo9 · first_building Krepost |
| 27:08 | Changed · first_building Siege Workshop |
| 27:34 | Changed · wall_segment Palisade Wall x1 |
| 27:36 | Changed · wall_segment Palisade Wall x1 |
| 27:38 | Changed · wall_segment Palisade Wall x1 |
| 29:05 | hoyohoyo9 · first_building Monastery |
| 31:00 | Changed · wall_segment Stone Wall x2 |
| 32:06 | Changed · resign |
[ AI ANALYSIS · 1 CREDIT ]
What really happened in this match?
Wolo.gg analyzes every decision: build order, eco, micro, common mistakes by bracket. Personalized analysis on WhatsApp or Discord in 30 seconds.
Civ guide
Bulgarians
Perfil
Jugador #237553